 Seeded DCSS version 0.27-a0-1154-gfdeffcb720 (webtiles) character file.

Game seed: 6919691055512990457 (custom seed)

65 donath the Insei (level 4, -3/29 HPs)
             Began as an Octopode Transmuter on May 14, 2021.
             Killed by divine providence
             ... invoked by an orc priest
              (14 damage)
             ... on level 2 of the Dungeon.
             The game lasted 00:04:15 (2545 turns).

donath the Insei (Octopode Transmuter)              Turns: 2545, Time: 00:04:16

Health: -3/29      AC:  1    Str:  9    XL:     4   Next: 13%
Magic:  7/7        EV: 13    Int: 16    God:
Gold:   94         SH:  0    Dex: 12    Spells: 1/7 levels left

rFire    . . .     SeeInvis .     - Unarmed
rCold    . . .     Faith    .   (no shield)
rNeg     . . .     Spirit   .   (helmet currently unavailable)
rPois    .         Reflect  .   (no amulet)
rElec    .         Harm     .   (no ring)
rCorr    .         Rampage  .   (no ring)
Will     .....                  (no ring)
Stlth    ++........             (no ring)
HPRegen  0.09/turn              (no ring)
MPRegen  0.10/turn              (no ring)
                                (no ring)
                                (no ring)

@: appendages (expiring)
A: tentacle spike 3, almost no armour, amphibious, 8 rings, camouflage 1,
gelatinous body 1, (nimble swimmer 1), tentacles
a: End Transformation


You were on level 2 of the Dungeon.
One of your tentacles had grown a beastly spike.
You visited 1 branch of the dungeon, and saw 2 of its levels.

You collected 94 gold pieces.

Inventory:

Missiles
 a - 50 stones
Armour
 i - a +0 tower shield
Magical Staves
 j - a staff of cold
Jewellery
 b - a ring of fire
Scrolls
 d - a scroll of enchant weapon {unknown}
 e - a scroll of identify {unknown}
 h - 4 scrolls of acquirement {unknown}
Potions
 c - a potion of magic {unknown}
 f - a potion of might {unknown}
 g - a potion of berserk rage {unknown}


   Skills:
 * Level 1.7 Fighting
 - Level 2.2 Dodging
 - Level 4.0 Unarmed Combat
 - Level 2.3 Spellcasting
 - Level 2.3 Transmutations


You had one spell level left.
You knew the following spells:

 Your Spells              Type           Power      Damage    Failure   Level
a - Beastly Appendage     Tmut           18%        N/A       8%          1
b - Wereblood             Tmut           9%         N/A       12%         2
c - Spider Form           Tmut/Pois      2%         N/A       36%         3

Your spell library contained the following spells:

 Spells                   Type           Power      Damage    Failure   Level
 Ice Form                 Ice/Tmut       5%         N/A       77%         4
 Hydra Form               Tmut           4%         N/A       91%         5


Dungeon Overview and Level Annotations

Branches:
Dungeon (2/15)

Altars:


Innate Abilities, Weirdness & Mutations

One of your tentacles has grown a beastly spike.
You cannot wear most types of armour.
You are amphibious.
You can wear up to eight rings at the same time.
Your skin changes colour to match your surroundings (Stealth+).
Your rubbery body absorbs attacks. (AC +1, EV +1)
((You are camouflaged near water. (Stealth+)))
You have tentacles for arms and can constrict up to eight enemies at once.


Message History

Things that are here:
a +0 hand axe; an orc corpse
Things that are here:
a +0 hand axe; an orc corpse Unknown command.
Found a short sword.
You see here a +0 short sword.
An orc comes into view. It is wielding a +0 trident.
The orc shouts!
You hear a shout! x3
The orc barely misses you.
Casting: Beastly Appendage (safe; 8% risk of failure)
Confirm with . or Enter, or press ? or * to list all spells.
One of your tentacles grows a vicious spike.
The orc closely misses you. The orc barely misses you.
You tentacle-slap the orc. You grab the orc.
The orc is heavily wounded.
You constrict the orc. The orc hits you with a +0 trident!
You tentacle-slap the orc.
The orc is almost dead.
You constrict the orc.
You kill the orc!
You tentacle-slap the orc. Your grab misses the orc.
You pierce the orc.
You squeeze the orc.
You kill the orc!
You now have 94 gold pieces (gained 12).
Things that are here:
a +0 whip; a +0 trident; an orc corpse You start resting.
Your transformation is almost over.
You start resting.
Magic restored.
You start resting.
An orc comes into view. It is wielding a +0 falchion.
Things that are here:
a +0 whip; a +0 trident; an orc corpse The orc priest calls down the wrath of Beogh upon you.
Beogh smites you!
The orc priest invokes the aid of Beogh against you.
Beogh smites you!
You die...

#.g.#.#.#.#
#o....##o# ######
##.##.# .....#
#.##o#
####.#########.##.#
#.).........##.#
###########.##)#
######.##.#
#.......@.#
#.##...####
#.##.### #.##†#
#.##.# #.##.#
######.##.#
#......##.#
####.#######.#


You could see an orc priest and an orc (wandering).

Vanquished Creatures
  An adder (D:2)
  2 dart slugs (D:1)
  3 orcs (D:2)
  3 ball pythons
  3 endoplasms
  2 giant cockroaches
  7 goblins
  6 hobgoblins
  5 quokkas
  2 bats (D:1)
  4 frilled lizards
  3 kobolds
  4 rats
45 creatures vanquished.

Notes
Turn   | Place    | Note
-------+----------+-------------------------------------------
     0 | D:1      | donath the Octopode Transmuter began the quest for the Orb.
     0 | D:1      | Reached XP level 1. HP: 13/13 MP: 3/3
    79 | D:1      | Reached XP level 2. HP: 14/18 MP: 3/5
    82 | D:1      | Learned a level 2 spell: Wereblood
   639 | D:1      | Reached XP level 3. HP: 23/23 MP: 2/6
  2127 | D:2      | Reached skill level 4 in Unarmed Combat
  2173 | D:2      | Learned a level 3 spell: Spider Form
  2175 | D:2      | Reached XP level 4. HP: 28/28 MP: 7/7
  2545 | D:2      | Killed from afar by an orc priest

Illustrated notes

Levels and vault maps discovered:
D:1:      dpeg_arrival_arbitrary_a, layout_basic
D:2:      layout_loops_ring, shapermc_ecumenical_altar_mp_highgroup

Skill      XL: |  1  2  3 |
---------------+----------+-----
Unarmed Combat | 4 |  4.0
Fighting       | |  1.7
Dodging        | |  2.2
Spellcasting   | |  2.3
Transmutations | |  2.3

Action                   |  1- 3 |  4- 6 || total
-------------------------+-------+-------++-------
Melee: Unarmed           |    89 |     9 ||    98
       Kick              |    18 |     3 ||    21
       Constrict         |    22 |     2 ||    24
       Tentacles         |    15 |     1 ||    16
 Cast: Beastly Appendage |    22 |     4 ||    26
       Wereblood         |     4 |       ||     4
 Stab: Sleeping          |     6 |       ||     6
Armor: Skin              |     1 |       ||     1
Dodge: Dodged            |    43 |     5 ||    48

Table legend: (Time is in decaauts)
 A = Elapsed time spent in this place.
 B = Non-inter-level travel time spent in this place.
 C = Inter-level travel time spent in this place.
 D = Time resting spent in this place.
 E = Time spent auto-exploring this place.
 F = Levels seen in this place.
 G = Mean time per level.
                   A        B        C        D        E       F      G
               +--------+--------+--------+--------+--------+-----+--------+
         Total |   2537 |   2529 |      8 |     46 |   1947 |   2 | 1268.5 |
       Dungeon |   2537 |   2529 |      8 |     46 |   1947 |   2 | 1268.5 |
               +--------+--------+--------+--------+--------+-----+--------+

Top non-repeatable levels by time:
     D:1: 1640 daAuts
     D:2: 897 daAuts
